Map: Backcountry

Players

Saúl - Winner!

  • Race: Protoss Protoss
  • Spawn Location: 9:00

Tossunalla - Winner!

  • Race: Protoss Protoss
  • Spawn Location: 11:00

MDK - Winner!

  • Race: Terran Terran
  • Spawn Location: 11:00

flyingjule

  • Race: Zerg Zerg
  • Spawn Location: 5:00

Amix

  • Race: Terran Terran
  • League: Platinum
  • Spawn Location: 5:00

Homowolf

  • Race: Protoss Protoss
  • Spawn Location: 5:00

VOD

Have the link to the VOD?

Description

Time

  • Played on: Nov. 12, 2016, 4:35 p.m.
  • Length: 10:38
Show
View Real Time Build Order
Export as new Build Order

Saúl Protoss - Winner!

Build Orders: Oracle Opening 

Get SALT Encoding   

  12  0:08  Probe (Chrono Boost)  
  13  0:19  Probe (Chrono Boost)  
  14  0:25  Pylon  
  14  0:29  Probe (Chrono Boost)  
  14  0:30  Assimilator  
  15  0:40  Assimilator  
  15  0:43  Probe (Chrono Boost)  
  16  0:54  Gateway  
  16  1:13  Probe (Chrono Boost)  
  17  1:23  Probe (Chrono Boost)  
  18  1:28  Forge  
  18  1:48  Pylon  
  18  1:54  Cybernetics Core  
  18  1:55  Probe (Chrono Boost)  
  19  2:06  Probe (Chrono Boost)  
  20  2:18  Photon Cannon  
  20  2:26  Probe (Chrono Boost)  
  21  2:36  Probe (Chrono Boost)  
  22  2:42  Stargate  
  22  2:45  Stargate  
  22  2:52  Pylon  
  22  2:55  Probe (Chrono Boost)  
  24  3:05  Probe (Chrono Boost)  
  24  3:16  Probe (Chrono Boost)  
  25  3:26  Probe (Chrono Boost)  
  26  3:35  Oracle (Chrono Boost)  
  26  3:38  Oracle (Chrono Boost)  
  32  3:59  Nexus  
  32  4:02  Pylon  
  32  4:19  Void Ray (Chrono Boost)  
  40  4:28  Void Ray (Chrono Boost)  
  40  5:14  Probe  
  40  5:20  Photon Cannon  
  41  5:25  Probe  
  42  5:35  Probe  
  48  5:42  Void Ray (Chrono Boost)  
  48  5:46  Probe  
  48  5:48  Void Ray (Chrono Boost)  
  46  6:08  Protoss Air Weapons Level 1 (Chrono Boost)  
  46  6:27  Assimilator  
  46  6:30  Assimilator  
  46  6:40  Void Ray x2 (Chrono Boost)  
  46  6:45  Protoss Shields Level 1  
  54  6:54  Pylon  
  54  6:55  Probe  
  54  6:57  Pylon  
  55  7:05  Probe  
  56  7:16  Probe  
  56  7:22  Phoenix  
  59  7:23  Phoenix  
  59  7:26  Probe  
  62  7:37  Probe  
  63  7:47  Phoenix  
  63  7:48  Phoenix  
  57  8:57  Void Ray  
  57  8:58  Void Ray  
  57  8:59  Probe  
  66  9:09  Probe  
  67  9:20  Probe  
  68  9:30  Probe  
  69  9:41  Probe  
  68  10:28  Pylon  
  68  10:34  Pylon  
  68  10:36  Pylon  
Show
View Real Time Build Order
Export as new Build Order

Tossunalla Protoss - Winner!

Build Orders: Dark Templar Rush 

Get SALT Encoding   

  12  0:02  Probe (Chrono Boost)  
  13  0:13  Probe (Chrono Boost)  
  14  0:24  Pylon  
  14  0:27  Probe (Chrono Boost)  
  15  0:36  Assimilator  
  15  0:40  Assimilator  
  16  0:42  Probe (Chrono Boost)  
  16  0:51  Gateway  
  16  1:02  Forge  
  16  1:07  Probe (Chrono Boost)  
  17  1:17  Probe (Chrono Boost)  
  18  1:19  Pylon  
  18  1:28  Probe (Chrono Boost)  
  19  1:39  Photon Cannon  
  19  1:53  Cybernetics Core  
  19  1:56  Probe (Chrono Boost)  
  20  2:07  Probe (Chrono Boost)  
  21  2:12  Photon Cannon  
  21  2:18  Probe (Chrono Boost)  
  22  2:28  Probe (Chrono Boost)  
  23  2:32  Twilight Council  
  23  2:35  Warp Gate (Chrono Boost)  
  23  2:48  Gateway  
  23  2:54  Pylon  
  23  3:02  Gateway  
  23  3:13  Dark Shrine  
  23  3:20  Pylon  
  20  3:55  Gateway  
  20  3:59  Photon Cannon  
  20  4:07  Pylon  
  20  4:32  Dark Templar  
  20  4:33  Dark Templar  
  24  4:41  Probe  
  25  4:49  Dark Templar  
  27  4:53  Probe  
  28  5:04  Protoss Ground Weapons Level 1 (Chrono Boost)  
  28  5:07  Dark Templar x2  
  32  5:17  Pylon  
  28  5:50  Photon Cannon  
  22  6:00  Photon Cannon  
  22  6:07  Stalker x4  
  30  6:17  Blink (Chrono Boost)  
  30  6:33  Stalker x2  
  34  6:58  Stalker  
  34  6:59  Stalker  
  34  7:00  Stalker  
  40  7:05  Stalker  
  42  7:16  Protoss Ground Armor Level 1  
  42  7:33  Stalker  
  42  7:34  Stalker  
  42  7:35  Stalker  
  48  7:57  Stalker  
  48  7:58  Stalker  
  52  7:59  Stalker  
  48  9:07  Stalker  
  48  9:08  Stalker x2  
  54  9:18  Pylon  
  54  9:19  Pylon  
  54  9:21  Pylon  
  54  9:24  Pylon  
  54  9:42  Probe  
  55  9:48  Nexus  
  55  9:50  Pylon  
Show
View Real Time Build Order
Export as new Build Order

MDK Terran - Winner!

Build Orders: MMM Bio 

Get SALT Encoding   

  12  0:00  SCV  
  13  0:13  SCV  
  14  0:17  Supply Depot  
  14  0:25  SCV  
  15  0:30  Refinery  
  15  0:39  SCV  
  16  0:51  SCV  
  17  1:00  Barracks  
  17  1:01  Refinery  
  17  1:04  SCV  
  18  1:19  SCV  
  19  1:49  Barracks  
  19  1:50  Barracks Tech Lab  
  19  1:52  Orbital Command  
  19  1:56  Barracks  
  19  1:59  Supply Depot  
  19  2:10  Marauder  
  21  2:18  SCV  
  21  2:21  Stimpack  
  22  2:31  Marauder  
  24  2:40  Barracks Reactor  
  24  2:43  Barracks  
  24  2:46  Barracks Reactor  
  24  2:48  SCV  
  25  2:56  Supply Depot  
  25  2:57  Marauder  
  27  3:02  SCV  
  28  3:18  Marine x2, Supply Depot  
  30  3:21  Marauder  
  30  3:23  Marine x2  
  34  3:44  Marine  
  34  3:45  Marine x3  
  38  3:52  Engineering Bay  
  38  3:54  Barracks Reactor  
  38  3:57  Factory  
  38  4:02  Marine  
  39  4:05  Marine x3  
  42  4:15  Supply Depot  
  42  4:27  Marine  
  42  4:28  Combat Shields  
  42  4:56  Marine x4, Marauder  
  48  5:05  Marine  
  49  5:12  Factory Reactor  
  49  5:15  Starport  
  49  5:42  Marine x4, Marauder  
  55  5:45  Command Center  
  55  5:46  Supply Depot  
  55  5:47  Supply Depot  
  48  5:58  Factory Tech Lab  
  43  6:14  Marine x2  
  43  6:15  Marine x4  
  49  6:37  Medivac  
  49  6:38  Medivac  
  53  6:50  Marine  
  54  6:57  Marine x3  
  54  6:58  Marine  
  58  7:02  Terran Infantry Weapons Level 1  
  58  7:07  Medivac  
  58  7:08  Medivac  
  62  7:15  Orbital Command  
  38  8:13  Marine  
  38  8:14  Marine x6  
  45  8:31  Marine x2  
  45  8:32  Marine x5  
  51  8:49  Marine x7  
  51  8:51  SCV  
  59  9:03  SCV  
  59  9:07  Marine x5  
  59  9:08  Marauder  
  67  9:18  Marine  
  68  9:24  Marine  
  68  9:25  Marine x3  
  68  9:29  Marauder  
  70  9:40  Marine x2  
  70  9:42  Marine  
  70  9:43  Marine x3  
  76  9:51  Marauder  
  78  9:58  Marine x2  
  80  10:00  Marine  
  80  10:01  Marine x3  
  84  10:12  Marauder  
Show
View Real Time Build Order
Export as new Build Order

flyingjule Zerg 

Build Orders: Pool First 

Get SALT Encoding   

  12  0:03  Drone  
  13  0:11  Drone  
  14  0:18  Overlord  
  14  0:39  Drone x3  
  17  0:49  Spawning Pool  
  16  0:52  Drone  
  17  1:02  Drone  
  18  1:15  Drone  
  19  1:25  Drone  
  20  1:30  Extractor  
  19  1:34  Drone  
  19  1:39  Roach Warren  
  19  1:48  Queen  
  19  1:50  Hatchery  
  19  1:53  Drone  
  21  1:57  Drone  
  22  2:07  Overlord  
  22  2:33  Drone x2  
  24  2:39  Drone  
  24  2:46  Extractor  
  24  2:47  Lair  
  24  2:50  Zergling x2  
  24  3:00  Overlord  
  24  3:14  Drone x3  
  24  3:18  Queen  
  24  3:19  Roach  
  33  3:20  Roach  
  33  3:22  Roach  
  35  3:28  Roach, Overlord  
  37  3:42  Overlord  
  37  3:44  Roach x2  
  41  3:51  Glial Reconstitution  
  41  3:54  Drone  
  44  3:55  Roach  
  44  3:58  Drone  
  44  4:02  Roach  
  47  4:09  Roach  
  49  4:16  Roach x2  
  53  4:22  Drone x2  
  55  4:24  Drone  
  56  4:32  Roach x2  
  60  4:41  Overlord  
  57  5:01  Overseer  
  53  5:08  Spore Crawler  
  53  5:10  Drone x6, Spine Crawler  
  53  5:12  Drone x4  
  61  5:17  Overseer  
  61  5:25  Overseer  
  61  5:29  Roach  
  61  5:30  Roach x2  
  61  5:33  Extractor  
  61  5:35  Drone  
  67  5:36  Extractor  
  66  5:43  Drone x2  
  66  5:45  Overlord  
  66  5:48  Overlord  
  54  6:15  Roach x4  
  62  6:20  Roach  
  62  6:21  Roach  
  62  6:22  Roach x4  
  74  6:28  Overseer  
  74  6:29  Overlord  
  74  6:35  Drone  
  74  6:39  Evolution Chamber  
  74  6:40  Drone  
  74  6:41  Evolution Chamber  
  74  6:42  Drone  
  74  6:45  Drone  
  74  6:46  Overlord x2  
  76  6:58  Roach  
  76  6:59  Roach  
  76  7:00  Roach x2  
  84  7:04  Overlord  
  84  7:06  Overlord  
  84  7:11  Zerg Missile Weapons Level 1, Hatchery  
  83  7:30  Drone x2  
  83  7:31  Roach x2  
  83  7:32  Roach x2  
  83  7:33  Roach  
  86  7:57  Drone x2  
  86  7:58  Drone  
  80  8:10  Roach x3  
  80  8:11  Roach  
  84  8:15  Hydralisk Den  
  84  8:19  Drone x2, Spore Crawler  
  78  8:20  Drone, Spore Crawler  
  69  8:35  Roach  
  69  8:36  Roach x3  
  52  8:47  Roach x3  
  46  8:55  Drone  
  46  9:08  Drone x3  
  46  9:31  Drone x3  
Show
View Real Time Build Order
Export as new Build Order

Amix Terran 

Build Orders:  

Get SALT Encoding   

  12  0:04  SCV  
  13  0:18  SCV  
  13  0:21  Supply Depot  
  14  0:30  SCV  
  15  0:38  Refinery  
  15  0:42  SCV  
  16  0:54  SCV  
  17  1:00  Barracks  
  17  1:06  SCV  
  18  1:22  SCV  
  19  1:29  Refinery  
  19  1:34  SCV  
  19  1:38  Barracks  
  20  1:41  Barracks  
  20  1:47  Marine  
  21  1:56  Supply Depot  
  21  2:05  Marine, Supply Depot  
  21  2:07  Supply Depot  
  22  2:27  Barracks Reactor  
  22  2:30  Barracks Reactor  
  22  2:31  Barracks Reactor  
  22  2:35  Orbital Command  
  22  3:03  Marine  
  22  3:04  Marine  
  24  3:10  Marine  
  24  3:11  Marine x3  
  28  3:21  Marine x2  
  28  3:25  SCV  
  31  3:28  Marine x2  
  31  3:29  Marine x2  
  35  3:37  SCV  
  35  3:39  Marine x2  
  38  3:46  Marine x3  
  41  3:56  Marine  
  41  3:57  Marine x2  
  44  4:04  Marine x3  
  44  4:05  Supply Depot  
  47  4:11  Supply Depot  
  47  4:34  Marine x4  
  47  4:35  Marine x2  
  53  4:52  Marine x4  
  32  5:11  Marine x3  
  32  5:12  Marine x3  
  38  5:28  Barracks  
  38  5:29  Marine x4  
  38  5:30  Marine  
  43  5:37  Marine  
  44  5:47  Marine x4  
  47  5:50  Engineering Bay  
  42  6:22  Missile Turret  
  42  6:38  Missile Turret  
  42  6:50  Barracks  
  42  6:52  Barracks  
  42  6:55  Barracks  
  42  6:56  Marine x6  
  48  7:13  Marine  
  48  7:14  Marine  
  44  8:18  Marine x5  
  44  8:19  Marine x3  
  52  8:35  Marine  
  52  8:36  Marine x2  
  55  8:49  Marine  
  55  8:50  Marine  
  55  8:51  Marine x2  
  55  8:52  Marine  
  55  8:53  Marine  
  55  8:54  Marine  
  55  9:08  Supply Depot  
  55  9:14  Supply Depot  
  55  9:29  Marine x8  
  29  9:47  Marine x8  
  37  10:04  Marine x8  
Show
View Real Time Build Order
Export as new Build Order

Homowolf Protoss 

Build Orders:  

Get SALT Encoding   

  12  0:03  Probe (Chrono Boost)  
  13  0:17  Probe (Chrono Boost)  
  14  0:28  Probe (Chrono Boost)  
  15  0:32  Pylon  
  15  0:38  Assimilator  
  15  0:50  Probe (Chrono Boost)  
  15  0:51  Gateway  
  16  1:11  Probe (Chrono Boost)  
  17  1:19  Gateway  
  17  1:20  Gateway  
  17  1:38  Cybernetics Core  
  17  1:42  Probe (Chrono Boost)  
  18  1:49  Pylon  
  18  1:52  Probe (Chrono Boost)  
  19  2:03  Probe (Chrono Boost)  
  20  2:15  Adept x3  
  26  2:34  Nexus  
  26  2:42  Adept  
  28  2:59  Adept  
  30  3:12  Assimilator  
  30  3:32  Adept  
  26  3:48  Probe x2 (Chrono Boost)  
  28  3:58  Probe x2 (Chrono Boost)  
  30  4:05  Stargate  
  30  4:07  Stargate  
  30  4:09  Probe (Chrono Boost)  
  31  4:13  Probe (Chrono Boost)  
  31  4:14  Assimilator  
  32  4:19  Probe (Chrono Boost)  
  32  4:21  Nexus  
  18  4:59  Phoenix (Chrono Boost)  
  15  5:02  Probe (Chrono Boost), Phoenix (Chrono Boost)  
  8  5:13  Probe  
  9  5:22  Phoenix (Chrono Boost)  
  10  6:22  Probe  
  11  6:34  Probe  
  12  6:45  Probe  
  12  6:47  Probe  
  12  7:10  Probe  
  12  7:12  Probe  
  14  7:16  Probe  
  8  7:58  Probe  
  8  8:00  Probe  
  10  8:09  Probe  
  10  8:12  Probe  
  12  8:24  Probe  
  13  8:50  Probe  
  13  8:51  Probe  
  15  9:00  Probe  
  16  9:03  Probe  
  17  9:11  Probe  
  17  9:15  Probe  
  19  9:21  Probe  
  20  9:27  Probe  
  21  9:32  Probe, Void Ray (Chrono Boost)  
  26  9:39  Probe  
Tags
 
Add a new tag
Caveats
  • Supply blocks, unpowered buildings, or Contaminate may cause inaccurate times.
  • Supply counts are checked every 10 seconds.